 Seeded DCSS version 0.27.1-1-g398f81649c (webtiles) character file.

Game seed: 14036611466628663890 (custom seed)

1531111 oldmanjim the Hoplite (level 26, 250/250 HPs)
             Began as a Minotaur Fighter on Aug 29, 2021.
             Was an Initiate of Gozag.
             Escaped with the Orb
             ... and 3 runes on Sept 8, 2021!
             The game lasted 09:52:54 (82597 turns).

oldmanjim the Hoplite (Minotaur Fighter)           Turns: 82597, Time: 09:52:54

Health: 250/250    AC: 51    Str: 35    XL:     26   Next: 18%
Magic:  23/23      EV: 19    Int:  7    God:    Gozag
Gold:   4111       SH: 36    Dex: 15    Spells: 24/31 levels left

rFire    + . .     SeeInvis +   a - +18 lance "Wyrmbane" {slay drac, rPois rF+ rC+ AC+3}
rCold    + . .     Faith    .   u - +8 tower shield
rNeg     + . .     Spirit   .   V - +27 Lear's hauberk
rPois    +         Reflect  .   (helmet currently unavailable)
rElec    +         Harm     .   m - +0 cloak of Cheibriados's Envy {rC+ Str+3}
rCorr    .         Rampage  .   (gloves currently unavailable)
Will     ++++.                  (boots currently unavailable)
Stlth    ..........             Q - amulet "Zumnaose" {RegenMP +Blink rElec rN+}
HPRegen  0.00/turn              K - ring "Zuac" {Fly rC- Will++ SInv}
MPRegen  0.43/turn              C - ring "Icuehuiq" {Contam Fly Will+ Str+3 Dex+3}

@: flying, inhibited regen, hasted, very quick
A: horns 2, retaliatory headbutt, iridescent scales 1, low mp 1, shaggy fur 1,
inhibited regeneration
0: Orb of Zot
}: 3/15 runes: decaying, silver, gossamer
a: Renounce Religion, Evoke Blink, Potion Petition, Call Merchant, Bribe Branch


You escaped.
You worshipped Gozag.
Gozag was most pleased with you.
You visited 10 branches of the dungeon, and saw 50 of its levels.
You also visited: Ice Cave.

You collected 29719 gold pieces.
You spent 11100 gold pieces at shops.
You paid 14508 gold pieces to Gozag.

Inventory:

Hand Weapons
 a - the +18 lance "Wyrmbane" (weapon) {slay drac, rPois rF+ rC+ AC+3}
   (You bought it in a shop on level 2 of the Dungeon)

   It inflicts extra damage against dragons and draconians.
   AC:        It affects your AC (+3).
   rF:        It protects you from fire.
   rC:        It protects you from cold.
   rPois:     It protects you from poison.
 b - a +9 fustibalus of freezing
Missiles
 p - 30 javelins
 q - 9 throwing nets
 t - 303 sling bullets
Armour
 m - the +0 cloak of Cheibriados's Envy (worn) {rC+ Str+3}
   (You bought it in a shop on level 2 of the Dungeon)

   Str:       It affects your strength (+3).
   rC:        It protects you from cold.
 u - a +8 tower shield (worn)
 V - the +27 Lear's hauberk (worn)
   (You bought it in a shop on level 2 of the Dungeon)
Jewellery
 C - the ring "Icuehuiq" (right hand) {Contam Fly Will+ Str+3 Dex+3}
   (You bought it in a shop on level 3 of the Vaults)

   [ring of flight]

   Str:       It affects your strength (+3).
   Dex:       It affects your dexterity (+3).
   Fly:       It grants you flight.
   Contam:    It causes magical contamination when unequipped.
   Will:      It increases your willpower.
 K - the ring "Zuac" (left hand) {Fly rC- Will++ SInv}
   (You bought it in a shop on level 3 of the Depths)

   [ring of flight]

   rC:        It makes you vulnerable to cold.
   SInv:      It lets you see invisible.
   Fly:       It grants you flight.
   Will:      It greatly increases your willpower.
 O - the ring "Potu" {+Blink rF+ Int+4 Dex+6}
   (You bought it in a shop on level 2 of the Orcish Mines)

   [ring of dexterity]

   Int:       It affects your intelligence (+4).
   Dex:       It affects your dexterity (+6).
   rF:        It protects you from fire.
   +Blink:    It lets you blink.
 Q - the amulet "Zumnaose" (around neck) {RegenMP +Blink rElec rN+}
   (You found it on level 1 of the Spider Nest)

   [amulet of magic regeneration]

   It increases your rate of magic regeneration.
   rElec:     It insulates you from electricity.
   rN:        It protects you from negative energy.
   +Blink:    It lets you blink.
Wands
 i - a wand of digging (3)
 w - a wand of charming (36)
 J - a wand of iceblast (65)
 L - a wand of paralysis (43)
 N - a wand of acid (9) (quivered)
Scrolls
 s - 3 scrolls of enchant armour
 v - 6 scrolls of enchant weapon
 x - 2 scrolls of summoning
 y - 3 scrolls of silence
 z - 5 scrolls of immolation
 A - 5 scrolls of magic mapping
 B - 29 scrolls of teleportation
 I - 14 scrolls of fog
 M - 2 scrolls of brand weapon
 R - 12 scrolls of blinking
 W - 8 scrolls of fear
 X - 5 scrolls of holy word
 Z - 4 scrolls of torment
Potions
 c - 2 potions of cancellation
 d - 6 potions of might
 f - 8 potions of brilliance
 h - 5 potions of lignification
 k - 8 potions of heal wounds
 l - 6 potions of resistance
 o - 5 potions of berserk rage
 r - 9 potions of ambrosia
 D - 5 potions of invisibility
 G - 13 potions of curing
 H - 2 potions of haste
 S - a potion of mutation
 U - 7 potions of magic
Miscellaneous
 g - a box of beasts
 j - a condenser vane
 n - a piece from Xom's chessboard (15/15)
 E - a lightning rod (4/4)
 F - a condenser vane
 P - a phantom mirror
 T - a condenser vane
 Y - a box of beasts


   Skills:
 + Level 23.1 Fighting
 - Level 18.0 Polearms
 - Level 14.0 Slings
 - Level 22.0 Armour
 - Level 18.0 Dodging
 - Level 5.0 Stealth
 - Level 25.0 Shields
 - Level 3.0 Spellcasting
 - Level 12.0 Air Magic
 - Level 15.0 Evocations


You had 24 spell levels left.
You knew the following spells:

 Your Spells              Type           Power      Damage    Failure   Level
a - Swiftness             Air            17%        N/A       1%          3
b - Airstrike             Air            8%         N/A       5%          4

Your spell library contained the following spells:

 Spells                   Type           Power      Damage    Failure   Level
 Shock                    Conj/Air       36%        1d5       6%          1
 Mephitic Cloud           Conj/Pois/Air  6%         N/A       38%         3
 Animate Skeleton         Necr           2%         N/A       58%         1
 Apportation              Tloc           2%         N/A       58%         1
 Beastly Appendage        Tmut           2%         N/A       58%         1
 Pain                     Necr           4%         1d4       58%         1
 Sting                    Tmut/Pois      4%         1d3       58%         1
 Summon Small Mammal      Summ           4%         N/A       58%         1
 Blink                    Tloc           N/A        N/A       73%         2
 Ensorcelled Hibernation  Hex/Ice        2%         N/A       73%         2
 Slow                     Hex            1%         N/A       73%         2
 Sublimation of Blood     Necr           0%         N/A       73%         2
 Wereblood                Tmut           1%         N/A       73%         2
 Call Canine Familiar     Summ           1%         N/A       91%         3
 Confusing Touch          Hex            1%         N/A       91%         3
 Conjure Flame            Conj/Fire      1%         6-21      91%         3
 Frozen Ramparts          Ice            2%         1d2       91%         3
 Ignite Poison            Fire/Tmut/Pois 1%         N/A       91%         3
 Inner Flame              Hex/Fire       1%         N/A       91%         3
 Ozocubu's Armour         Ice            1%         N/A       91%         3
 Spider Form              Tmut/Pois      0%         N/A       91%         3
 Stone Arrow              Conj/Erth      2%         3d7       91%         3
 Summon Guardian Golem    Hex/Summ       1%         N/A       91%         3
 Vampiric Draining        Necr           0%         2d6       91%         3
 Freezing Cloud           Conj/Ice/Air   3%         6-21      98%         5
 Animate Armour           Summ/Erth      2%         N/A       100%        4
 Animate Dead             Necr           0%         N/A       100%        4
 Cause Fear               Hex            0%         N/A       100%        4
 Ice Form                 Ice/Tmut       1%         N/A       100%        4
 Sticky Flame             Conj/Fire      1%         2d3       100%        4
 Summon Ice Beast         Ice/Summ       1%         N/A       100%        4
 Blade Hands              Tmut           0%         N/A       100%        5
 Bolt of Magma            Conj/Fire/Erth 0%         4d4       100%        5
 Borgnjor's Vile Clutch   Necr/Erth      0%         N/A       100%        5
 Fireball                 Conj/Fire      0%         3d3       100%        5
 Iskenderun's Battlesphe  Conj           1%         2d6       100%        5
 Manifold Assault         Tloc           1%         N/A       100%        5
 Metabolic Englaciation   Hex/Ice        0%         N/A       100%        5
 Summon Forest            Summ/Tloc      0%         N/A       100%        5
 Summon Mana Viper        Hex/Summ       1%         N/A       100%        5
 Death Channel            Necr           0%         N/A       100%        6
 Eringya's Noxious Bog    Tmut/Pois      0%         N/A       100%        6
 Iron Shot                Conj/Erth      0%         9d1       100%        6
 Shadow Creatures         Summ           N/A        N/A       100%        6
 Simulacrum               Ice/Necr       0%         N/A       100%        6
 Starburst                Conj/Fire      0%         6d3       100%        6
 Malign Gateway           Summ/Tloc      0%         N/A       100%        7
 Monstrous Menagerie      Summ           0%         N/A       100%        7
 Orb of Destruction       Conj           0%         N/A       100%        7
 Ozocubu's Refrigeration  Ice            0%         4d5       100%        7
 Spellforged Servitor     Conj/Summ      0%         N/A       100%        7
 Storm Form               Tmut/Air       4%         N/A       100%        7
 Summon Hydra             Summ           0%         N/A       100%        7
 Borgnjor's Revivificati  Necr           0%         N/A       100%        8
 Discord                  Hex            0%         N/A       100%        8
 Ignition                 Fire           0%         3d3       100%        8
 Lehudib's Crystal Spear  Conj/Erth      0%         10d2      100%        8
 Necromutation            Tmut/Necr      0%         N/A       100%        8
 Summon Horrible Things   Summ           0%         N/A       100%        8
 Chain Lightning          Conj/Air       4%         3d6       100%        9
 Death's Door             Necr           0%         N/A       100%        9
 Fire Storm               Conj/Fire      0%         6d1       100%        9
 Polar Vortex             Ice            0%         N/A       100%        9


Dungeon Overview and Level Annotations

Branches:
Dungeon (15/15)            Temple (1/1) D:7            Lair (6/6) D:10
  Swamp (4/4) Lair:3       Spider (4/4) Lair:2        Slime (0/5) Lair:5
    Orc (2/2) D:10            Elf (3/3) Orc:2        Vaults (5/5) D:13
  Crypt (0/3) Vaults:3     Depths (5/5) D:15            Zot (5/5) Depths:5
  IceCv (visited)

Altars:
Ashenzari
Cheibriados
Dithmenos
Elyvilon
Fedhas
Gozag
Hepliaklqana
Kikubaaqudgha
Makhleb
Nemelex Xobeh
Okawaru
Qazlal
Ru
Sif Muna
Trog
Uskayaw
Vehumet
Wu Jian
Xom
Yredelemnul
Zin
The Shining One
Beogh
Lugonu

Shops:
D:2 ?[(??   D:4 [   D:13 [   Orc:2 !![=   Elf:1 =   Vaults:3 =?   Vaults:4 *
Zot:5 ?!*   Depths:3 *=::

Portals:
Hell: Depths:1 Depths:2 Depths:3 Depths:4 Depths:5
Abyss: Depths:2 Depths:4 Depths:5
Pandemonium: Orc:2 Depths:3
Ziggurat: Depths:4


Innate Abilities, Weirdness & Mutations

You have a pair of horns on your head.
You reflexively headbutt those who attack you in melee.
You are partially covered in iridescent scales. (AC +2)
Your magical capacity is low. (-10% MP)
You are covered in fur. (AC +1)
You do not regenerate when monsters are visible.


Message History

You fly upwards.
There is a stone staircase leading down here.
A sixfirhy comes into view.
The sixfirhy moves out of view.
Your extra speed is starting to run out.
You impale the sixfirhy!! You headbutt the sixfirhy!
You kill the sixfirhy!
There is a stone staircase leading up here.
You feel yourself slow down.
You fly upwards.
There is a stone staircase leading down here.
An Orb Guardian comes into view.
The Orb Guardian is distracted by your dazzling golden aura.
There is a stone staircase leading up here.
You fly upwards.
There is a stone staircase leading down here.
(D) Dungeon (T) Temple (L) Lair (S) Swamp (N) Spider Nest (M) Slime Pits (O) Orcish Mines (E) Elven Halls (V) Vaults (C) Crypt (U) Depths (H) Hell (Z) Zot
Where to? (Enter - D:1 @ (x,y), ? - help)
What level of the Dungeon? (default 1, ? - help)
There is an open door here.
There is a stone staircase leading up here.
You fly upwards.
There is a stone staircase leading down here.
There is a stone staircase leading up here.
You fly upwards.
There is a stone staircase leading down here.
An Orb Guardian comes into view.
You feel yourself speed up.
You see here a +0 dagger.
You see here a +0 dagger.
Aiming: Dig
Press: ? - help, Shift-Dir - straight line You can't see that place. [the floor.]
The rock shatters into small pieces.
There is a staircase leading out of the dungeon here.
You have escaped!

#..# #. ### ##.# ### ##.
#.##### ########..###.###..
#.##..###...##........##...
##........^..........##....
#.......#####X.....#....###
#....####....###.....####..
##.###.........###'###.....
#..#......@......'.+......⌠
#..###.........###'###.....
#....###....####.....####..
####....#####...###.....###
##..........##...##.....
###....###############.
###### ##


You could see an Orb Guardian.

Vanquished Creatures
  A dread lich (Zot:5)
  2 orbs of fire (Zot:5)
  Mara (Spider:3)
  A juggernaut (D:15)
  A Killer Klown (Zot:5)
  2 caustic shrikes (Depths:2)
  Bai Suzhen (Depths:2)
  A curse toe (Zot:3)
  2 golden dragons
  Arachne (Spider:4)
  Nikola (Depths:1)
  An electric golem (Zot:5)
  9 Orb Guardians (Zot:5)
  14 tentacled monstrosities
  2 liches (Depths:3)
  Rupert (Lair:5)
  3 deep elf blademasters
  3 titans
  Asterion (Spider:3)
  2 deep elf master archers (Elf:3)
  8 quicksilver dragons
  5 death cobs
  Frances (Elf:1)
  5 sphinxes
  A thorn hunter (Swamp:3)
  A shadow dragon (shapeshifter) (Vaults:5)
  9 shadow dragons
  4 tengu reavers
  A draconian monk (Zot:1)
  Kirke (Lair:6)
  Donald (Swamp:3)
  9 storm dragons
  Agnes (Spider:3)
  4 fire giants
  2 draconian knights
  8 deep elf sorcerers
  19 vault wardens
  4 frost giants
  2 balrugs (Depths:3)
  5 emperor scorpions
  6 ghost moths
  The ghost of Urixiug the Severer, a journeyman DDBe of Trog (Spider:1)
  8 draconian stormcallers
  A juggernaut zombie (Depths:2)
  7 deep elf elementalists
  Aizul (Elf:1)
  A draconian scorcher (Zot:3)
  4 ghouls (Swamp:2)
  A draconian annihilator (Depths:5)
  18 ironbound preservers
  47 very ugly things
  A war gargoyle (Vaults:4)
  15 stone giants
  2 caustic shrike skeletons (Depths:2)
  A green draconian (Zot:3)
  7 black draconians
  3 deep elf demonologists
  6 entropy weavers
  2 vampire knights (Depths:3)
  8 deep elf annihilators
  4 yellow draconians
  4 spark wasps
  7 red draconians
  2 purple draconians
  7 white draconians
  5 bunyips
  9 dire elephants
  Snorg (D:11)
  An ettin (shapeshifter) (Elf:3)
  3 deep elf death magi
  6 eleionomae
  7 ettins
  6 deep elf high priests
  2 green deaths (Swamp:4)
  17 fire dragons
  A shambling mangrove (Swamp:3)
  27 vault guards
  A peacekeeper (Vaults:4)
  A merfolk impaler (Depths:5)
  12 yaktaur captains
  21 great orbs of eyes
  An ogre mage (Vaults:5)
  A boulder beetle (shapeshifter) (Vaults:5)
  7 ironbound thunderhulks
  3 hell beasts
  12 ice dragons
  17 hydras
  6 spriggan air magi
  9 ironbound frosthearts
  5 boulder beetles
  2 catoblepae
  18 centaur warriors
  3 death knights
  A two-headed ogre (D:10)
  8 tengu warriors
  6 alligators
  7 deep troll shamans
  6 orc high priests
  A sun demon (Depths:3)
  A thrashing horror (Swamp:4)
  8 death yaks
  6 deep troll earth magi
  10 hell knights
  6 spriggan berserkers
  11 ironbound beastmasters
  3 vampire magi
  The ghost of COBRA the Cleaver, a novice HOFi of Okawaru (D:7)
  17 deep elf knights
  3 sixfirhies
  4 skeletal warriors (D:15)
  3 iron trolls
  5 goliath frogs
  A shadow wraith (Vaults:3)
  65 deep trolls
  An orange crystal statue (Zot:5)
  4 spriggan druids
  15 deep elf archers
  A gelid demonspawn (Orc:2)
  2 flayed ghosts
  8 bog bodies
  The ghost of onlghost the Ruffian, a novice TrTm (D:7)
  9 glowing orange brains
  An infernal demonspawn (Orc:2)
  15 wizards
  2 torturous demonspawn (Orc:2)
  12 orc knights
  15 swamp dragons
  9 necromancers
  7 ironbound convokers
  10 lindwurms
  Pikel (D:4)
  3 phantasmal warriors
  22 deep elf pyromancers
  45 ugly things
  29 wolf spiders
  24 orb spiders
  19 deep elf zephyrmancers
  8 orc sorcerers
  A wolf spider (shapeshifter) (Vaults:5)
  6 cyclopes
  An oklob plant (Lair:4)
  2 will-o-the-wisps
  22 moths of wrath
  9 black mambas
  5 manticores
  An elephant (Lair:3)
  18 vault sentinels
  2 ice statues
  5 gargoyles
  A cane toad (shapeshifter) (D:15)
  A rust devil (Orc:2)
  2 smoke demons
  16 cane toads
  16 eyes of devastation (Depths:4)
  Maggie (D:6)
  2 kobold demonologists
  An orange demon (Swamp:4)
  A large abomination (Swamp:4)
  16 rime drakes
  12 komodo dragons
  An unseen horror (D:11)
  3 torpor snails
  3 efreet
  15 demonic crawlers
  39 yaktaurs
  6 tengu conjurers
  5 ice devils
  2 freezing wraiths
  5 trolls
  31 jumping spiders
  8 polar bears
  7 tyrant leeches
  A red devil (Orc:2)
  A bloated husk (Swamp:2)
  A tyrant leech (shapeshifter) (Elf:3)
  9 hornets
  42 slime creatures
  23 blink frogs
  4 shadows
  Sigmund (D:6)
  3 air elementals
  31 tarantellas
  4 spriggans
  A tarantella (shapeshifter) (Vaults:5)
  7 water elementals
  78 redbacks
  4 wraiths
  A wyvern (shapeshifter) (D:13)
  52 yaks
  2 vampires
  3 fire elementals
  4 wyverns
  2 small abominations (Swamp:4)
  2 golden eyes (Depths:4)
  6 hogs (Lair:6)
  5 basilisks
  A neqoxec (Orc:2)
  12 vampire mosquitoes
  A warg (Orc:2)
  15 swamp worms
  12 water moccasins
  A floating eye (D:15)
  3 acid dragons
  A floating eye (shapeshifter) (Vaults:1)
  6 swamp drakes
  A sky beast (D:8)
  2 ice beasts
  40 orc warriors
  7 black bears
  29 wolves
  5 boggarts (Vaults:3)
  A wolf (shapeshifter) (Elf:2)
  12 centaurs
  6 necrophages
  3 ogres
  3 lemures
  2 kobold brigands (D:9)
  19 bullfrogs
  2 gnoll sergeants
  An earth elemental (Elf:3)
  2 scorpions
  A water moccasin zombie (D:6)
  13 killer bees
  12 wights
  A vampire bat (D:3)
  2 howler monkeys
  6 electric eels
  3 centaur zombies
  14 jellies
  4 hounds
  21 orc priests
  4 gnoll shamans
  7 iguanas
  15 orc wizards
  A killer bee zombie (D:8)
  A hound zombie (D:5)
  A howler monkey zombie (D:10)
  38 gnolls
  2 howler monkey skeletons
  6 adders
  A shadow imp (D:7)
  An ufetubus (D:5)
  A dart slug (D:4)
  84 orcs
  9 ball pythons
  4 bat skeletons (D:3)
  2 bat zombies (D:3)
  7 endoplasms
  A giant cockroach (D:1)
  11 goblins
  2 hobgoblins
  5 jackals (D:1)
  6 quokkas
  3 bats
  5 frilled lizards
  21 kobolds
  5 rats
  A butterfly (Lair:4)
  A plant (Depths:5)
2007 creatures vanquished.

Vanquished Creatures (collateral kills)
  A dread lich (Zot:5)
  2 orbs of fire (Zot:5)
  2 ancient liches
  An electric golem (Zot:5)
  A titan (Vaults:5)
  5 Orb Guardians (Zot:5)
  A quicksilver dragon (Zot:5)
  A shadow dragon (Vaults:5)
  2 vault wardens (Vaults:5)
  A fire giant (Vaults:5)
  3 ironbound preservers (Vaults:5)
  A deep elf annihilator (Vaults:5)
  A purple draconian (Zot:5)
  A deep elf high priest (Vaults:5)
  3 vault guards (Vaults:5)
  An ironbound frostheart (Vaults:5)
  2 hell knights (Vaults:5)
  A deep elf knight (Vaults:5)
  A deep troll (Vaults:5)
  An orange crystal statue (Zot:5)
  A harpy (Vaults:5)
  2 ironbound convokers (Vaults:5)
  An orc sorcerer (Vaults:5)
  2 moths of wrath (Zot:5)
  A vault sentinel (Vaults:5)
  A meliai (shapeshifter) (Vaults:5)
40 creatures vanquished.

Vanquished Creatures (others)
  A dread lich (Zot:5)
  An orb of fire (Zot:5)
  An ancient lich (Vaults:5)
  2 Killer Klowns (Zot:5)
  10 Orb Guardians (Zot:5)
  A tentacled monstrosity (Zot:5)
  A tengu reaver (Vaults:5)
  A storm dragon (Zot:5)
  A draconian knight (Zot:3)
  2 vault wardens (Vaults:5)
  3 frost giants (Vaults:5)
  A ghost moth (Spider:4)
  A war gargoyle (Vaults:5)
  An ironbound preserver (Vaults:5)
  A deep elf demonologist (Vaults:5)
  A deep elf annihilator (Vaults:5)
  2 ettins (Depths:1)
  2 yaktaur captains (Vaults:5)
  A deep elf high priest (Vaults:5)
  An ice dragon (Depths:1)
  A vault guard (Vaults:5)
  26 dancing weapons
  A deep troll earth mage (Depths:1)
  2 wizards
  2 yaktaurs (Vaults:5)
  2 phantasmal warriors (Vaults:5)
  An orb spider (Spider:2)
  A moth of wrath (Zot:5)
  A vault sentinel (Vaults:5)
  A hornet (Swamp:1)
  A jumping spider (Spider:3)
  A spriggan (Swamp:1)
  2 redbacks (Spider:3)
  A basilisk (Lair:6)
  2 orc warriors
  8 foxfires
  76 fungi
  143 plants
  6 withered plants (D:7)
313 creatures vanquished.

Grand Total: 2360 creatures vanquished

Notes
Turn   | Place    | Note
-------+----------+-------------------------------------------
     0 | D:1      | oldmanjim the Minotaur Fighter began the quest for the Orb.
     0 | D:1      | Reached XP level 1. HP: 19/19 MP: 0/0
   113 | D:1      | Reached XP level 2. HP: 27/27 MP: 1/1
   133 | D:1      | Found a faded altar of an unknown god.
   158 | D:1      | Got Plato's Volume of Displacement
   174 | D:1      | Reached skill level 4 in Shields
   364 | D:1      | Reached XP level 3. HP: 33/33 MP: 2/2
   775 | D:2      | Found Ywoahe Xelo's Armour Shop.
   870 | D:2      | Found Ciliuc's Magic Scroll Emporium.
   908 | D:2      | Found Recukecasm's Magic Scroll Boutique.
   982 | D:2      | Found Suuttis's Magic Scroll Shoppe.
   992 | D:2      | Found a snail-covered altar of Cheibriados.
  1038 | D:2      | Identified a scroll of acquirement
  1038 | D:2      | Acquired 711 gold pieces
  1073 | D:2      | Bought a scroll of acquirement for 520 gold pieces
  1073 | D:2      | Acquired 732 gold pieces
  1186 | D:2      | Noticed a necrophage
  1194 | D:2      | Killed a necrophage
  1195 | D:2      | Reached skill level 5 in Fighting
  1195 | D:2      | Reached XP level 4. HP: 21/42 MP: 3/3
  1195 | D:2      | Reached XP level 5. HP: 24/48 MP: 4/4
  1471 | D:2      | Reached skill level 5 in Shields
  1544 | D:2      | Found Kistea's Weapon Shop.
  1765 | D:3      | Found a white marble altar of Elyvilon.
  1778 | D:3      | Became a worshipper of Elyvilon the Healer
  1992 | D:3      | Found an ornate altar of the Wu Jian Council.
  2254 | D:3      | Found an ancient bone altar of Kikubaaqudgha.
  2326 | D:3      | Reached * piety under Elyvilon
  2398 | D:4      | Noticed Pikel
  2398 | D:4      | Noticed a lemure
  2399 | D:4      | Noticed a lemure
  2399 | D:4      | Noticed a lemure
  2400 | D:4      | Noticed a lemure
  2841 | D:3      | Reached XP level 6. HP: 39/56 MP: 5/5
  3147 | D:4      | Reached skill level 5 in Polearms
  3526 | D:4      | Reached ** piety under Elyvilon
  3598 | D:4      | Found Ducoqamm's Armour Boutique.
  3657 | D:4      | Reached skill level 6 in Shields
  3784 | D:5      | Entered Level 5 of the Dungeon
  4105 | D:5      | Reached XP level 7. HP: 37/63 MP: 6/6
  4363 | D:2      | Bought the +8 lance "Wyrmbane" {slay drac, rPois rF+ rC+
                  | AC+3} for 1050 gold pieces
  4363 | D:2      | Found the +8 lance "Wyrmbane" {slay drac, rPois rF+ rC+
                  | AC+3}
  4443 | D:5      | Reached skill level 7 in Shields
  4579 | D:5      | Found a shimmering blue altar of Sif Muna.
  4926 | D:6      | Noticed Sigmund
  4991 | D:6      | Reached XP level 8. HP: 70/70 MP: 7/7
  5059 | D:6      | Noticed Maggie
  5067 | D:6      | Reached skill level 8 in Shields
  5078 | D:6      | Killed Maggie
  5281 | D:6      | Reached skill level 9 in Shields
  5310 | D:6      | Reached *** piety under Elyvilon
  5337 | D:6      | Found a radiant altar of Vehumet.
  5690 | D:4      | Killed Pikel
  5691 | D:4      | Reached skill level 10 in Shields
  5691 | D:4      | Reached XP level 9. HP: 67/75 MP: 8/8
  5995 | D:2      | Bought a scroll of teleportation for 39 gold pieces
  5995 | D:2      | Bought a scroll of fog for 26 gold pieces
  6160 | D:6      | Reached skill level 10 in Polearms
  6217 | D:7      | Found a stormy altar of Qazlal.
  6339 | D:7      | Noticed a brown ugly thing
  6356 | D:7      | Killed a brown ugly thing
  6472 | D:7      | Found a staircase to the Ecumenical Temple.
  6479 | Temple   | Entered the Ecumenical Temple
  6594 | D:7      | Reached skill level 11 in Shields
  6701 | D:7      | Found a bloodstained altar of Trog.
  6845 | D:7      | Found a shadowy altar of Dithmenos.
  6917 | D:7      | Found a runed translucent gate.
  6917 | D:7      | Found a runed translucent gate.
  6917 | D:7      | Found a runed translucent gate.
  6918 | D:7      | Noticed COBRA's ghost (novice HOFi)
  6931 | D:7      | Noticed onlghost's ghost (novice TrTm)
  7128 | D:8      | Found an opulent altar of Gozag.
  7173 | D:8      | Fell from the grace of Elyvilon
  7173 | D:8      | Became a worshipper of Gozag Ym Sagoz the Greedy
  7312 | D:8      | Reached skill level 12 in Shields
  7629 | D:8      | Reached XP level 10. HP: 83/83 MP: 9/9
  8315 | D:9      | Reached skill level 5 in Armour
  8579 | D:9      | Reached skill level 1 in Dodging
  8720 | D:9      | Reached skill level 1 in Evocations
  9293 | D:9      | Found a burning altar of Makhleb.
  9399 | D:10     | Entered Level 10 of the Dungeon
  9656 | D:10     | Noticed a two-headed ogre
  9679 | D:10     | Killed a two-headed ogre
  9686 | D:10     | Reached XP level 11. HP: 95/95 MP: 10/10
  9758 | D:10     | Found a broken altar of Ashenzari.
  9772 | D:10     | Identified the +3 spear "Bicoycre" {vorpal, rF+ Int+4}
 10103 | D:10     | Reached skill level 5 in Evocations
 10168 | D:10     | Found a staircase to the Lair.
 10196 | D:10     | Found a staircase to the Orcish Mines.
 10271 | D:10     | Found a glowing silver altar of Zin.
 10645 | D:11     | Reached skill level 5 in Dodging
 10893 | D:11     | Noticed Snorg
 10910 | D:11     | Killed Snorg
 10911 | D:11     | Reached skill level 10 in Fighting
 11930 | Lair:1   | Entered Level 1 of the Lair of Beasts
 12145 | D:2      | Bought the +27 Lear's hauberk for 1431 gold pieces
 12145 | D:2      | Found the +27 Lear's hauberk
 12395 | Lair:1   | Noticed a five-headed hydra
 12419 | Lair:1   | Killed a five-headed hydra
 12478 | Lair:1   | Reached XP level 12. HP: 110/110 MP: 11/11
 13300 | Lair:2   | Noticed a six-headed hydra
 13341 | Lair:2   | Killed a six-headed hydra
 13413 | Lair:2   | Reached skill level 10 in Armour
 13625 | Lair:2   | Found a hole to the Spider Nest.
 14888 | Lair:3   | Noticed a death yak
 14898 | Lair:3   | Killed a death yak
 14899 | Lair:3   | Reached XP level 13. HP: 125/125 MP: 12/12
 14977 | Lair:3   | You fall into a shaft and drop 3 floors!
 14977 | Lair:6   | Entered Level 6 of the Lair of Beasts
 14989 | Lair:6   | Reached skill level 15 in Fighting
 15268 | Lair:6   | Noticed Kirke
 15371 | Lair:6   | HP: 3/126 [black mamba (5)]
 15996 | Lair:4   | Found a frozen archway.
 16023 | IceCv    | Entered an ice cave
 16155 | IceCv    | Reached skill level 10 in Dodging
 16555 | IceCv    | Noticed a frost giant
 16570 | IceCv    | Reached XP level 14. HP: 135/135 MP: 13/13
 16592 | IceCv    | Killed a frost giant
 16695 | IceCv    | Got Sif Muna's Compendium of the Snowflakes
 16951 | Lair:3   | Found a staircase to the Swamp.
 17311 | Swamp:1  | Entered Level 1 of the Swamp
 17338 | Swamp:1  | Found the +5 robe of Night {Dark Will+ SInv}
 17382 | Lair:4   | Reached skill level 10 in Evocations
 17507 | Lair:4   | Found a glowing silver altar of Zin.
 17689 | Lair:4   | You fall into a shaft and drop 2 floors!
 17718 | Lair:6   | Reached skill level 1 in Stealth
 18209 | Lair:5   | Found a staircase to the Slime Pits.
 18304 | Lair:5   | Noticed Rupert
 18318 | Lair:5   | Killed Rupert
 18319 | Lair:5   | Reached skill level 5 in Stealth
 18946 | D:6      | Killed Sigmund
 19250 | D:2      | Bought the +0 cloak of Cheibriados's Envy {rC+ Str+3} for
                  | 272 gold pieces
 19297 | D:2      | Bought a scroll of identify for 26 gold pieces
 19297 | D:2      | Bought a scroll of magic mapping for 45 gold pieces
 19297 | D:2      | Bought a scroll of torment for 97 gold pieces
 19297 | D:2      | Bought a scroll of noise for 13 gold pieces
 19297 | D:2      | Bought a scroll of identify for 26 gold pieces
 19297 | D:2      | Bought a scroll of blinking for 97 gold pieces
 19297 | D:2      | Bought a scroll of identify for 26 gold pieces
 19297 | D:2      | Bought a scroll of magic mapping for 45 gold pieces
 19360 | D:2      | Bought a scroll of magic mapping for 42 gold pieces
 19360 | D:2      | Bought a scroll of silence for 90 gold pieces
 19360 | D:2      | Bought a scroll of teleportation for 36 gold pieces
 19360 | D:2      | Bought a scroll of identify for 24 gold pieces
 19360 | D:2      | Bought a scroll of enchant weapon for 90 gold pieces
 19360 | D:2      | Bought a scroll of teleportation for 36 gold pieces
 19360 | D:2      | Bought a scroll of immolation for 42 gold pieces
 19360 | D:2      | Bought a scroll of teleportation for 36 gold pieces
 19360 | D:2      | Bought a scroll of identify for 24 gold pieces
 19360 | D:2      | Bought a scroll of fog for 24 gold pieces
 19398 | D:2      | Bought a scroll of holy word for 75 gold pieces
 19398 | D:2      | Bought a scroll of magic mapping for 35 gold pieces
 19398 | D:2      | Bought a scroll of magic mapping for 35 gold pieces
 19398 | D:2      | Bought a scroll of holy word for 75 gold pieces
 20502 | Lair:6   | Killed Kirke
 20589 | Lair:6   | Found a sacrificial altar of Ru.
 21358 | Swamp:1  | Reached XP level 15. HP: 141/141 MP: 14/14
 21947 | Swamp:2  | Reached skill level 13 in Shields
 23026 | Swamp:3  | Noticed Donald
 23056 | Swamp:3  | Killed Donald
 23417 | Swamp:3  | Noticed a thorn hunter
 23437 | Swamp:3  | Killed a thorn hunter
 23668 | Swamp:4  | Entered Level 4 of the Swamp
 23689 | Swamp:4  | Reached skill level 14 in Shields
 23953 | Swamp:4  | Noticed a tentacled monstrosity
 23970 | Swamp:4  | Killed a tentacled monstrosity
 23987 | Swamp:4  | Reached skill level 1 in Slings
 24136 | Swamp:4  | Reached XP level 16. HP: 155/155 MP: 15/15
 24726 | Swamp:4  | Got a decaying rune of Zot
 24811 | Swamp:4  | Noticed a tentacled monstrosity
 24830 | Swamp:4  | Reached skill level 5 in Slings
 24844 | Swamp:4  | Killed a tentacled monstrosity
 25417 | Orc:1    | Entered Level 1 of the Orcish Mines
 26370 | Orc:2    | Entered Level 2 of the Orcish Mines
 26649 | Orc:2    | Found Ifepsoen's Distillery.
 27024 | Orc:2    | Found a staircase to the Elven Halls.
 27202 | Orc:2    | Found Utacir's Distillery.
 27310 | Orc:2    | Gained mutation: Your spells are a little easier to cast,
                  | but a little less powerful. [a neqoxec]
 28047 | Orc:2    | Found Miyfurghaddis's Antique Armour Emporium.
 28047 | Orc:2    | Found Tarik's Jewellery Shoppe.
 28049 | Orc:2    | Found a one-way gate leading to the halls of Pandemonium.
 28053 | Orc:2    | Bought the ring "Potu" {+Blink rF+ Int+4 Dex+6} for 1230
                  | gold pieces
 28053 | Orc:2    | Bought a ring of willpower for 350 gold pieces
 28091 | Orc:2    | Bought a potion of curing for 33 gold pieces
 28091 | Orc:2    | Bought a potion of curing for 33 gold pieces
 28091 | Orc:2    | Bought a potion of haste for 110 gold pieces
 28091 | Orc:2    | Bought a potion of curing for 33 gold pieces
 28091 | Orc:2    | Bought a potion of curing for 33 gold pieces
 28093 | Orc:2    | Bought a potion of heal wounds for 85 gold pieces
 28093 | Orc:2    | Bought a potion of berserk rage for 85 gold pieces
 29382 | D:12     | Acquired 1117 gold pieces
 29689 | D:13     | Found Wobar's Antique Armour Shoppe.
 30012 | D:13     | Found a gate to the Vaults.
 30194 | D:13     | Reached XP level 17. HP: 159/161 MP: 16/16
 30406 | D:14     | Got the Almanac of Necromancy
 30867 | D:14     | Found an iron altar of Okawaru.
 31353 | D:15     | Entered Level 15 of the Dungeon
 31498 | D:15     | Acquired a manual of Polearms
 31588 | D:15     | Found a broken altar of Ashenzari.
 31865 | D:15     | Paralysed by a floating eye for 4 turns
 31879 | D:15     | Paralysed by a floating eye for 2 turns
 32296 | D:15     | Found a staircase to the Depths.
 32684 | Spider:1 | Entered Level 1 of the Spider Nest
 32851 | Spider:1 | Identified the amulet "Zumnaose" {RegenMP +Blink rElec rN+}
 33086 | Spider:1 | Found a transporter.
 33115 | Spider:1 | Noticed Urixiug's ghost (journeyman DDBe)
 33551 | Spider:1 | Found a transporter.
 33794 | Spider:2 | Gained mutation: Armour fits poorly on your strangely
                  | shaped body. [mutagenic glow]
 33837 | Spider:1 | Reached skill level 15 in Polearms
 34920 | Spider:3 | Noticed Asterion
 34949 | Spider:3 | Killed Asterion
 35395 | Spider:3 | Noticed Mara
 35403 | Spider:3 | Noticed oldmanjim's illusion
 35659 | Spider:3 | Noticed oldmanjim's illusion
 35685 | Spider:3 | Noticed oldmanjim's illusion
 35709 | Spider:3 | HP: 4/161 [oldmanjim's illusion (illusionary)[Mara] (14)]
 36189 | Spider:3 | Noticed oldmanjim's illusion
 36457 | Spider:3 | Noticed oldmanjim's illusion
 36460 | Spider:3 | Killed Mara
 36461 | Spider:3 | Reached XP level 18. HP: 162/169 MP: 17/17
 36523 | Spider:3 | Noticed Agnes
 36535 | Spider:3 | Killed Agnes
 36949 | Spider:4 | Entered Level 4 of the Spider Nest
 37761 | Spider:4 | Reached skill level 15 in Evocations
 37812 | Spider:4 | Noticed Arachne
 37839 | Spider:4 | Killed Arachne
 38791 | Spider:4 | Got a gossamer rune of Zot
 39285 | D:7      | Killed COBRA's ghost
 39290 | D:7      | Killed onlghost's ghost
 39442 | Vaults:1 | Entered Level 1 of the Vaults
 39529 | Vaults:1 | Reached skill level 15 in Armour
 40365 | Vaults:1 | Reached XP level 19. HP: 123/179 MP: 18/18
 41312 | Vaults:1 | Paralysed by a floating eye for 3 turns
 43081 | Vaults:2 | Reached skill level 10 in Slings
 43088 | Vaults:2 | Paralysed by a sphinx for 5 turns
 43089 | Vaults:2 | Reached skill level 15 in Dodging
 43760 | Vaults:2 | You fall into a shaft and drop 2 floors!
 43946 | Vaults:4 | Reached XP level 20. HP: 116/191 MP: 19/19
 44232 | Vaults:4 | Found a magical portal.
 45446 | Vaults:3 | Got the Collected Works on Snow and Toxins
 45485 | Vaults:3 | Identified the +1 whip of Dyurukke {vorpal, +Blink Dex+3}
 47533 | Vaults:3 | Found a staircase to the Crypt.
 47678 | Vaults:3 | Bought a scroll of teleportation for 66 gold pieces
 47678 | Vaults:3 | Bought a scroll of teleportation for 66 gold pieces
 47678 | Vaults:3 | Bought a scroll of teleportation for 66 gold pieces
 47678 | Vaults:3 | Bought 3 scrolls of fog for 132 gold pieces
 47678 | Vaults:3 | Bought a scroll of teleportation for 66 gold pieces
 47678 | Vaults:3 | Bought a scroll of magic mapping for 77 gold pieces
 47683 | Vaults:3 | Bought the ring "Icuehuiq" {Contam Fly Will+ Str+3 Dex+3}
                  | for 630 gold pieces
 47683 | Vaults:3 | Bought the ring of Shadows {Umbra +Inv Stlth+} for 680 gold
                  | pieces
 47683 | Vaults:3 | Found the ring of Shadows {Umbra +Inv Stlth+}
 47766 | Vaults:4 | Found Waawiav's Assorted Antiques.
 47795 | Vaults:4 | Bought a potion of resistance for 300 gold pieces
 47795 | Vaults:4 | Bought a scroll of magic mapping for 105 gold pieces
 47987 | Vaults:4 | Reached skill level 15 in Shields
 48207 | Vaults:4 | Lost mutation: Your spells are a little easier to cast, but
                  | a little less powerful. [potion of mutation]
 48207 | Vaults:4 | Gained mutation: You have an increased reservoir of magic.
                  | (+10% MP) [potion of mutation]
 48207 | Vaults:4 | Gained mutation: You are partially covered in iridescent
                  | scales. (AC +2) [potion of mutation]
 48207 | Vaults:4 | Gained mutation: You are occasionally teleported next to
                  | monsters. [potion of mutation]
 48207 | Vaults:4 | Gained mutation: You have a pair of large horns on your
                  | head. [potion of mutation]
 48208 | Vaults:4 | Lost mutation: You have a pair of large horns on your head.
                  | [potion of mutation]
 48208 | Vaults:4 | Lost mutation: You are partially covered in iridescent
                  | scales. (AC +2) [potion of mutation]
 48208 | Vaults:4 | Lost mutation: Armour fits poorly on your strangely shaped
                  | body. [potion of mutation]
 48208 | Vaults:4 | Gained mutation: Your spells are a little harder to cast,
                  | but a little more powerful. [potion of mutation]
 48208 | Vaults:4 | Gained mutation: Your movements are slightly less
                  | encumbered by armour. (ER -2) [potion of mutation]
 48985 | Vaults:4 | Reached XP level 21. HP: 198/198 MP: 22/22
 49247 | Vaults:4 | Reached skill level 16 in Shields
 49287 | Vaults:4 | Paralysed by a great orb of eyes for 7 turns
 50157 | Elf:1    | Entered Level 1 of the Elven Halls
 50266 | Elf:1    | Identified the +0 leather armour of Inviolability {Harm
                  | rCorr Str+3}
 50635 | Elf:1    | Noticed Aizul
 50635 | Elf:1    | Noticed Frances
 50659 | Elf:1    | Killed Aizul
 50669 | Elf:1    | Killed Frances
 51052 | Elf:1    | Found Uroiseops's Jewellery Shop.
 51820 | Elf:2    | Found a runed translucent gate.
 51820 | Elf:2    | Found a runed translucent gate.
 51820 | Elf:2    | Found a runed translucent gate.
 52000 | Elf:2    | Reached skill level 17 in Shields
 52671 | Elf:1    | Lost mutation: Your spells are a little harder to cast, but
                  | a little more powerful. [potion of mutation]
 52671 | Elf:1    | Lost mutation: Your movements are slightly less encumbered
                  | by armour. (ER -2) [potion of mutation]
 52671 | Elf:1    | Lost mutation: You have an increased reservoir of magic.
                  | (+10% MP) [potion of mutation]
 52671 | Elf:1    | Gained mutation: You occasionally shout uncontrollably at
                  | your foes. [potion of mutation]
 52671 | Elf:1    | Gained mutation: You sometimes lose the ability to read
                  | scrolls when taking damage. [potion of mutation]
 52671 | Elf:1    | Gained mutation: You are covered in fur. (AC +1) [potion of
                  | mutation]
 52672 | Elf:1    | Lost mutation: You sometimes lose the ability to read
                  | scrolls when taking damage. [potion of mutation]
 52672 | Elf:1    | Lost mutation: You occasionally shout uncontrollably at
                  | your foes. [potion of mutation]
 52672 | Elf:1    | Lost mutation: You are occasionally teleported next to
                  | monsters. [potion of mutation]
 52672 | Elf:1    | Gained mutation: Your magical capacity is low. (-10% MP)
                  | [potion of mutation]
 52672 | Elf:1    | Gained mutation: You are partially covered in iridescent
                  | scales. (AC +2) [potion of mutation]
 53595 | Elf:3    | Entered Level 3 of the Elven Halls
 54979 | Elf:3    | Reached skill level 18 in Shields
 55475 | Elf:3    | Identified the +9 great sword of Infection {spect, Int+3}
 55478 | Elf:3    | Identified the +8 chain mail of Oblivion {Harm Will- rCorr
                  | Dex+7}
 55583 | Elf:3    | Identified the +8 plate armour of Wariness {-Tele Harm
                  | rC+++ Int-3}
 55608 | Elf:3    | Reached XP level 22. HP: 155/205 MP: 18/18
 55738 | Elf:3    | Identified the +4 shortbow "Odot Jia" {flame, rF+ Will+}
 55765 | Elf:3    | Identified the ring of Hoychuvi {rPois Will+}
 55840 | Elf:3    | Identified the +3 great sword "Wedghar" {venom, rF- Will+
                  | Str+9 Int+4}
 56292 | Elf:3    | Found the +3 warlock's mirror {reflect}
 56332 | Elf:3    | Identified the ring "Gezos" {rPois Slay+4}
 56377 | Elf:3    | Learned a level 3 spell: Swiftness
 56959 | Depths:1 | Entered Level 1 of the Depths
 56969 | Depths:1 | Reached skill level 1 in Air Magic
 56985 | Depths:1 | Noticed a juggernaut
 57586 | D:15     | Killed a juggernaut
 58172 | Depths:1 | Reached skill level 5 in Air Magic
 58221 | Depths:1 | Noticed Nikola
 58252 | Depths:1 | Killed Nikola
 58341 | Depths:1 | Identified the +8 mace of the Water Diviner {vamp, Fragile
                  | +Blink rElec rN++}
 58567 | Depths:1 | Found a shimmering altar of Xom.
 58572 | Depths:1 | Found a gateway to Hell.
 58723 | Depths:1 | Identified the amulet of Doubt {RegenMP +Blink Will- Int-2
                  | Dex+5}
 58911 | Depths:2 | Noticed a golden dragon
 59137 | Depths:2 | Found a one-way gate to the infinite horrors of the Abyss.
 59456 | Depths:2 | Identified the +12 spear "Q" {speed, Contam rPois rF-
                  | Str+7}
 59611 | Depths:2 | Reached skill level 1 in Spellcasting
 59694 | Depths:2 | Noticed a caustic shrike
 59710 | Depths:2 | Killed a caustic shrike
 59997 | Depths:2 | Noticed Bai Suzhen
 60014 | Depths:2 | Killed Bai Suzhen
 60260 | Depths:2 | Reached XP level 23. HP: 178/220 MP: 23/23
 60687 | Depths:2 | Noticed a caustic shrike
 60695 | Depths:2 | Killed a caustic shrike
 61902 | Spider:1 | Killed Urixiug's ghost
 62476 | Depths:2 | Upgraded the game from 0.27.1 to 0.27.1-1-g398f81649c
 62948 | Depths:3 | Found a glowing silver altar of Zin.
 63233 | Depths:3 | Reached skill level 10 in Air Magic
 63690 | Depths:3 | Found Isaeq's Jewellery Emporium.
 63690 | Depths:3 | Found Xaanewk's Book Boutique.
 63692 | Depths:3 | Found Berol's Book Boutique.
 63699 | Depths:3 | Bought the ring "Zuac" {Fly rC- Will++ SInv} for 752 gold
                  | pieces
 63725 | Depths:3 | Identified the ring "Bousulemp" {rElec Will- Str-4 Dex+6
                  | SInv}
 63726 | Depths:3 | Identified the ring "Sassir" {rPois rC+ Slay+3}
 63765 | Depths:3 | Identified the amulet "Wukol" {Spirit Contam rF+++ rC+
                  | Str+3}
 63964 | Depths:3 | Found Hoxaf's Pet Rocks.
 63988 | Depths:3 | Bought a wand of digging (6) for 260 gold pieces
 63988 | Depths:3 | Bought 19 sling bullets for 123 gold pieces
 64350 | Depths:3 | You are sucked into a shaft and drop 2 floors!
 64350 | Depths:5 | Entered Level 5 of the Depths
 64428 | Depths:3 | Identified the ring "Remnol" {rElec rPois AC+4 Int-3}
 65788 | Depths:4 | Found a gateway to a ziggurat.
 66594 | Depths:4 | Reached XP level 24. HP: 231/231 MP: 23/23
 67141 | Depths:4 | Reached skill level 19 in Shields
 67371 | Depths:4 | Identified the +4 dagger of Xeebuiq {vamp, Will+ Str+4}
 67752 | Depths:5 | Found a corrupted altar of Lugonu.
 68666 | Depths:5 | Reached skill level 20 in Shields
 69019 | Depths:5 | Found a gate to the Realm of Zot.
 69043 | Depths:5 | Learned a level 4 spell: Airstrike
 69783 | Vaults:5 | Entered Level 5 of the Vaults
 70211 | Vaults:5 | Noticed an ancient lich
 70316 | Vaults:5 | Noticed an ancient lich
 70339 | Vaults:5 | Killed an ancient lich
 70340 | Vaults:5 | Reached skill level 21 in Shields
 70559 | Vaults:5 | Noticed a shard shrike
 70559 | Vaults:5 | a titan changed into a shard shrike
 70560 | Vaults:5 | a shard shrike changed into a titan
 70563 | Vaults:5 | Noticed a juggernaut
 70563 | Vaults:5 | a titan changed into a juggernaut
 70575 | Vaults:5 | a juggernaut changed into a caustic shrike
 71316 | Vaults:5 | Reached skill level 22 in Shields
 71389 | Vaults:5 | Got the Grimoire of Poisoning
 71786 | Vaults:5 | Got a silver rune of Zot
 71887 | Vaults:5 | Identified the -2 buckler "Eryen" {Int-4 Dex+3 SInv}
 72929 | Zot:1    | Entered Level 1 of the Realm of Zot
 72940 | Zot:1    | Reached XP level 25. HP: 223/238 MP: 23/23
 73672 | Zot:1    | Reached skill level 23 in Shields
 75333 | Zot:3    | Reached skill level 24 in Shields
 77471 | Zot:4    | Reached skill level 25 in Shields
 80772 | Zot:5    | Entered Level 5 of the Realm of Zot
 81031 | Zot:5    | Noticed a dread lich
 81257 | Zot:5    | Noticed an ancient lich
 81292 | Zot:5    | Noticed a Killer Klown
 81296 | Zot:5    | Noticed an orb of fire
 81302 | Zot:5    | Killed a dread lich
 81302 | Zot:5    | Killed a Killer Klown
 81306 | Zot:5    | Noticed an orb of fire
 81306 | Zot:5    | Noticed an orb of fire
 81307 | Zot:5    | Noticed a dread lich
 81308 | Zot:5    | Noticed an orb of fire
 81309 | Zot:5    | Noticed a Killer Klown
 81310 | Zot:5    | Killed an orb of fire
 81310 | Zot:5    | Killed an ancient lich
 81318 | Zot:5    | Killed an orb of fire
 81333 | Zot:5    | Gained mutation: You do not regenerate when monsters are
                  | visible. [an orb of fire]
 81334 | Zot:5    | Killed an orb of fire
 81339 | Zot:5    | Killed a dread lich
 81340 | Zot:5    | Reached XP level 26. HP: 191/248 MP: 23/23
 81574 | Zot:5    | Noticed an orb of fire
 81579 | Zot:5    | Noticed an orb of fire
 81644 | Zot:5    | Killed a dread lich
 81646 | Zot:5    | Noticed an orb of fire
 81668 | Zot:5    | Killed an orb of fire
 81823 | Zot:5    | Noticed an orb of fire
 81978 | Zot:5    | Noticed a dread lich
 81990 | Zot:5    | Noticed an orb of fire
 82049 | Zot:5    | Bought a scroll of silence for 165 gold pieces
 82049 | Zot:5    | Bought 3 scrolls of fog for 132 gold pieces
 82049 | Zot:5    | Bought a scroll of teleportation for 66 gold pieces
 82049 | Zot:5    | Bought a scroll of fear for 77 gold pieces
 82051 | Zot:5    | Bought a potion of might for 88 gold pieces
 82051 | Zot:5    | Bought 2 potions of haste for 440 gold pieces
 82051 | Zot:5    | Bought a potion of heal wounds for 110 gold pieces
 82051 | Zot:5    | Bought a potion of curing for 66 gold pieces
 82051 | Zot:5    | Bought a potion of cancellation for 176 gold pieces
 82051 | Zot:5    | Bought a potion of might for 88 gold pieces
 82056 | Zot:5    | Got the Orb of Zot
 82344 | Depths:1 | Noticed Xiuxarol the pandemonium lord
 82597 | D:$      | Escaped with the Orb!

Illustrated notes

Levels and vault maps discovered:
D:1:      elethiomel_arrival_infinity_welcomes_careful_drivers, layout_rooms,
          shapermc_ecumenical_altar_rom_forum, minmay_stone_trees_medium,
          minmay_misc_feat_five
D:2:      layout_loops_ring, basic_altar, serial_shops, shop, shop, shop, shop,
          shop, minmay_shallow_snake_nest
D:3:      layout_basic, nicolae_wu_jian_immortal_techniques,
          mainiacjoe_overflow_chevrons, kennysheep_vampire_church,
          hangedman_decor_diamond_cutter, kennysheep_generic_room_8
D:4:      layout_cave_pools, serial_shops, kennysheep_mini,
          minmay_misc_feat_plants, uniq_pikel
D:5:      layout_rooms, nicolae_sif_muna_little_library
D:6:      layout_basic, vehumet_crystals, chequers_serial_rivers_large_b,
          lemuel_flamethrower_2, uniq_sigmund, uniq_maggie
D:7:      layout_rooms, nicolae_qazlal_scattered_showers,
          mainiacjoe_overflow_swirl, minmay_temple_entry_butterflies,
          gammafunk_ghost_cemetery
D:8:      layout_basic, grunt_gozag_breadcrumbs
D:9:      layout_long_grid, general_overflow_altar, grunt_ministairs_2
D:10:     layout_stronghold, mainiacjoe_overflow_catwalk, lemuel_doored_altar,
          due_lair_maze_entry_diamond, orc_0_dummy
D:11:     layout_roguey, uniq_snorg
D:12:     layout_stronghold
D:13:     layout_gridville, david_vaults_4, serial_shops, shop, hive_lemuel
D:14:     layout_basic, okawaru_ov_weapons_minmay
D:15:     grunt_enter_depths_hoard, layout_irregular_city,
          ashenzari_conservatory_becter, onia_ninara_cookie
Temple:   cyrus_temple_forest
Lair:1:   layout_hall_layers, grunt_megastairs_4, lemuel_fruit_fields
Lair:2:   layout_loops_ring, dummy_spider_entry, forest_entry_grove
Lair:3:   layout_cave_pods, skrybe_swamp_entry_bodies, minmay_stone_trees_small,
          minmay_shattered_shrine, serial_bayou_shore_b,
          infiniplex_staircase_pool
Lair:4:   layout_small_grid, portal_ice_cave_demonic_guard, lemuel_oklob_altar,
          serial_bayou_shore_a, lemuel_fruit_fields, grunt_megastairs_2,
          infiniplex_staircase_pool_2
Lair:5:   layout_regular_city, minmay_slime_entry_jelly_boxes, uniq_rupert
Lair:6:   guppyfry_lair_end_dragon, layout_regular_city,
          hangedman_lair_in_review, basic_altar, lookout_lair_type, uniq_kirke
Swamp:1:  layout_basic_swamp, nicolae_swamp_very_dense_foliage, swamp_pool1
Swamp:2:  layout_basic_swamp, evilmike_swamp_ruin_rubble_2
Swamp:3:  layout_falls_marsh, evilmike_swamp_ruin_house_2, uniq_donald
Swamp:4:  swamp_vile, layout_basic_swamp
Spider:1: layout_spider_delve, nzn_ghost_randoct
Spider:2: layout_spider_delve
Spider:3: layout_spider_delve, uniq_agnes, uniq_asterion, uniq_mara
Spider:4: johnstein_spider_rune_arachne_lair
Orc:1:    layout_caves, mines2_david
Orc:2:    pf_orc_diabolical, layout_caves
Elf:1:    layout_geoelf_octagon, serial_shops, nicolae_shop_stone, minivault_28,
          grunt_ministairs_12, uniq_frances, uniq_aizul
Elf:2:    nicolae_elf_blades_splatter_lattice [nooodl_blade_entry_preview],
          layout_loops_corners, kb_rosetta
Elf:3:    minmay_elf_hall_furrowed, layout_geoelf_castle, st_stairs_3
Vaults:1: v_pattern_4, vaults_standard_mumra_enter_the_diamond,
          ontoclasm_vaults_gateway, vaults_room_grunt_arrival_ludios,
          ontoclasm_vaults_misaligned, v_misc_17, vaults_mumra_hex, v_misc_28,
          v_misc_25, layout_vaults_omnibox
Vaults:2: nicolae_vaults_theta, vaults_dpeg_ring, grunt_vaults_bifocal,
          vaults_room_pool, vaults_mumra_hexcomb, v_misc_18, v_pattern_2,
          v_misc_25, special_room_vaults [special_room_orc],
          layout_vaults_big_room
Vaults:3: blue_anna_dwarven_crypt, st_octagons_1,
          nicolae_vaults_little_squares_3, nicolae_vaults_little_squares_4,
          vaults_room_door_ring, nicolae_vaults_alarming,
          nicolae_vaults_stairing_the_circle, nicolae_vaults_network_square,
          nicolae_vaults_bisected_exclaves, layout_vaults_maze, uniq_margery
Vaults:4: hangedman_vaults_hat, v_misc_12, vaults_standard_mumra_lines,
          nicolae_vaults_little_ls, nicolae_vaults_twisting_passages, v_rooms_4,
          ontoclasm_vaults_fire_temple, vaults_room_pool,
          layout_vaults_omnigrid, infiniplex_enter_wizlab_glasses, serial_shops,
          nicolae_shop_trees
Vaults:5
Depths:1: minmay_cut_squares, layout_cave_pools, serial_bayou_lagoon_a,
          hell_entry, xom_confusion_cloud, uniq_nikola
Depths:2: hangedman_pleasuredromes, hell_entry, abyss_entry, uniq_bai_suzhen
Depths:3: minmay_the_grid_triangle_9x9_recursive_3
          [minmay_the_grid_triangle_9x9_sparse_checkered,
          minmay_the_grid_triangle_9x9_longest,
          minmay_the_grid_triangle_9x9_intruding_spiral,
          minmay_the_grid_triangle_9x9_prize_special,
          minmay_the_grid_triangle_9x9_swiss_cheese,
          minmay_the_grid_triangle_9x9_impossible_snake,
          minmay_the_grid_triangle_9x9_negative_grid,
          minmay_the_grid_triangle_9x9_descending_squares,
          minmay_the_grid_triangle_9x9_minimal], layout_long_grid,
          lightli_too_deep, rand_demon_pan_entry_3, minmay_tree_intersection,
          kennysheep_diamond, guppyfry_shop_earth, minmay_shop_grove,
          serial_bayou_shore_b
Depths:4: minmay_eyes, layout_gridlike, enter_ziggurat_c,
          roderic_cross_of_infinity, hangedman_abyss_entry_splay,
          hangedman_coc_ice_floe, st_stairs_8
Depths:5: grunt_zot_entry_hairpin, layout_gridlike, minmay_misc_feat_iff,
          hell_entry, abyss_entry_flame_altar, st_stairs_8, drop_trap,
          serial_bayou_shore_b
Zot:1:    layout_cathedral_of_symmetry
Zot:2:    layout_basic
Zot:3:    layout_gridlike
Zot:4:    lemuel_draconian_sentries, layout_concentric_octagons
Zot:5:    layout_cathedral_of_symmetry, grunt_ministairs_12

Skill      XL: |  1  2  3  4  5  6  7  8  9 10 11 12 13 14 15 16 17 18 19 20 21 22 23 24 25 26 |
---------------+-------------------------------------------------------------------------------+-----
Shields        | 4 5 6 7 10 12 14 15 18 22 25 | 25.0
Fighting       | 4 5 6 8 11 14 15 17 18 19 21 22 23 | 23.1
Polearms       | 3 4 5 7 9 11 12 16 18 | 18.0
Armour         | 6 8 10 12 14 15 16 17 20 22 | 22.0
Dodging        | 4 6 8 10 12 13 14 16 17 18 | 18.0
Evocations     | 3 5 8 10 11 14 15 | 15.0
Stealth        | 5 |  5.0
Slings         | 1 7 8 11 14 | 14.0
Air Magic      | 8 11 12 | 12.0
Spellcasting   | 2 3 |  3.0

Action                   |  1- 3 |  4- 6 |  7- 9 | 10-12 | 13-15 | 16-18 | 19-21 | 22-24 | 25-27 || total
-------------------------+-------+-------+-------+-------+-------+-------+-------+-------+-------++-------
Melee: Trident           |    52 |       |       |       |       |       |       |       |       ||    52
       Headbutt          |     8 |    15 |    34 |   145 |   316 |   531 |   546 |   603 |   164 ||  2362
       Whip              |    31 |   182 |     2 |       |       |       |       |       |       ||   215
       Lance             |       |       |   248 |   781 |  1250 |  2049 |  1968 |  1751 |   569 ||  8616
       Unarmed           |       |       |       |       |     2 |       |       |       |       ||     2
 Fire: Fustibalus        |       |       |       |       |    34 |   381 |   351 |   425 |   171 ||  1362
Throw: Stone             |       |     2 |     1 |       |       |       |       |       |       ||     3
       Dart              |       |       |    11 |     1 |    15 |    14 |       |       |       ||    41
       Boomerang         |       |       |     6 |     3 |       |       |       |       |       ||     9
 Cast: Airstrike         |       |       |       |       |       |       |       |       |     2 ||     2
Invok: Call Merchant     |       |       |       |       |       |       |     2 |       |     3 ||     5
       Bribe Branch      |       |       |       |       |       |       |       |     1 |     2 ||     3
 Abil: Evoke Blink       |       |       |       |       |       |     1 |     1 |     1 |       ||     3
       Evoke Invisibilit |       |       |       |       |       |       |     1 |       |       ||     1
Evoke: Wand              |       |       |       |     1 |       |     2 |       |       |     9 ||    12
       Condenser vane    |       |       |       |       |       |       |       |       |     1 ||     1
  Use: Scroll            |     2 |       |     9 |     3 |    15 |     3 |     8 |    10 |     7 ||    57
       Potion            |       |       |       |       |     8 |     4 |     9 |     2 |     5 ||    28
 Stab: Distracted        |       |       |       |     7 |     5 |    11 |     9 |    12 |     4 ||    48
       Petrified         |       |       |       |       |     6 |       |       |       |       ||     6
       Held in net/web   |       |       |       |       |       |     1 |       |       |       ||     1
       Invisible         |       |       |       |       |       |       |     4 |     2 |       ||     6
       Sleeping          |       |       |       |       |       |       |     2 |       |       ||     2
       Confused          |       |       |       |       |       |       |       |       |     1 ||     1
Armor: Scale mail        |    21 |    87 |    17 |       |       |       |       |       |       ||   125
       Chain mail        |       |       |    12 |    77 |   422 |   690 |   397 |   348 |   115 ||  2061
       Plate armour      |       |       |     8 |    96 |       |       |       |       |       ||   104
Dodge: Dodged            |    18 |    51 |    32 |    76 |   274 |   643 |   464 |   336 |   101 ||  1995
Block: Kite shield       |    24 |   117 |    71 |   242 |   406 |   985 |   633 |   360 |       ||  2838
       Tower shield      |       |       |       |       |       |       |       |   564 |   373 ||   937
